 Dungeon Crawl Stone Soup version 0.21-a0-272-g984ae92 (webtiles) character file.

22 tof the Skirmisher (level 2, -7/24 HPs)
             Began as a Demonspawn Abyssal Knight on Sept 15, 2017.
             Was a Follower of Lugonu.
             Mangled by an iguana (8 damage)
             ... on level 2 of the Dungeon.
             The game lasted 00:02:48 (1069 turns).

tof the Skirmisher (Demonspawn Abyssal Knight)      Turns: 1069, Time: 00:02:49

Health: -7/24      AC:  7    Str: 12    XL:     2   Next: 68%
Magic:  4/4        EV: 10    Int: 13    God:    Lugonu [*.....]
Gold:   47         SH:  0    Dex: 10    Spells: 1/1 levels left

rFire    . . .     SeeInvis .   a - +1 spear
rCold    . . .     Gourm    .   (no shield)
rNeg     . . .     Faith    .   l - +0 ring mail
rPois    .         Spirit   .   (no helmet)
rElec    .         Reflect  .   (no cloak)
rCorr    .         Harm     .   (no gloves)
MR       .....                  e - +1 pair of boots
Stlth    ..........             (no amulet)
HPRegen  0.08/turn              f - -2 ring of dexterity (curse)
MPRegen  0.09/turn              (no ring)

@: no status effects
A: rot immunity
a: Depart the Abyss, Renounce Religion


You were on level 2 of the Dungeon.
You worshipped Lugonu.
Lugonu was aware of your devotion.
You were hungry.

You visited 1 branch of the dungeon, and saw 2 of its levels.
You visited the Abyss 1 time.

You collected 47 gold pieces.

Inventory:

Hand Weapons
 a - a +1 spear (weapon)
Armour
 e - a +1 pair of boots (worn)
 l - a +0 ring mail (worn)
Jewellery
 f - a cursed -2 ring of dexterity (left hand)
Scrolls
 k - a scroll of teleportation {unknown}
Potions
 d - 2 potions of degeneration {unknown}
 i - 2 potions of brilliance {unknown}
 j - a potion of curing {unknown}
Comestibles
 c - a bread ration
 g - 2 chunks of flesh
 h - a meat ration


   Skills:
 + Level 3.1 Fighting
 * Level 2.1 Polearms
 + Level 2.0 Armour
 + Level 1.1 Dodging
 + Level 2.9 Invocations


You had one spell level left.
You didn't know any spells.

Dungeon Overview and Level Annotations

Branches:
Dungeon (2/15)

Altars:


Innate Abilities, Weirdness & Mutations

You are immune to rotting.


Message History

You hit the iguana but do no damage. The iguana bites you.
You barely miss the iguana. The iguana misses you.
You hit the iguana but do no damage. The iguana misses you.
You hit the iguana.
The iguana is moderately wounded.
The iguana bites you!
You closely miss the iguana.
The iguana is moderately wounded.
The iguana bites you but does no damage.
You puncture the iguana!
The iguana is severely wounded.
The iguana bites you but does no damage.
You closely miss the iguana.
The iguana is severely wounded.
The iguana bites you!
* * * LOW HITPOINT WARNING * * *
You closely miss the iguana.
The iguana is severely wounded.
The iguana bites you!
You die...

##...####
#.......#
##.....#.# ######
.......#.#.#<[..#
.###......#.####.#
...........># #.#
#......# #.#
#......######.#
##...#....l@..#
#...##########
#####


You could see an iguana.

Vanquished Creatures
  A dart slug (D:1)
  2 leopard geckos (D:1)
  2 bats (D:1)
  A giant cockroach (D:1)
  3 goblins (D:1)
  3 hobgoblins (D:1)
  2 jackals (D:2)
14 creatures vanquished.

Notes
Turn   | Place    | Note
-------+----------+-------------------------------------------
     0 | Abyss:1  | tof the Demonspawn Abyssal Knight began the quest for the Orb.
     0 | Abyss:1  | Reached XP level 1. HP: 18/18 MP: 2/2
     0 | Abyss:1  | Found a corrupted altar of Lugonu.
    45 | D:1      | Escaped the Abyss
    79 | D:1      | Reached skill level 1 in Dodging
   392 | D:1      | Gained mutation: You are immune to rotting. [demonic ancestry]
   392 | D:1      | Reached XP level 2. HP: 19/24 MP: 4/4
  1068 | D:2      | HP: 1/24 [iguana (8)]
  1069 | D:2      | Mangled by an iguana

Vault maps used:
D:1:      minmay_arrival_open_corners, minivault_14
D:2:      first_bread, serial_glass, glass_columns_a, glass_columns_b

Skill      XL: |  1  2 |
---------------+-------+-----
Dodging        | 1 |  1.1
Polearms       | 2 |  2.1
Armour         | 2 |  2.0
Fighting       | |  3.1
Invocations    | |  2.9

Action                   || total
-------------------------++-------
Melee: Spear             ||    90
Armor: Leather armour    ||    21
       Ring mail         ||     2
Dodge: Dodged            ||    42

Table legend:
 A = Spawn XP
 B = Non-spawn XP
 C = Spawn XP percentage of total XP
 D = Spawn monster count
 E = Non-spawn monster count
 F = Spawn count percentage of total count
 G = Total turns spent on level
                    A         B        C        D         E        F      G
               +---------+---------+-------+---------+---------+-------+---------
         Total |       0 |      32 |   0.0 |       0 |      14 |   0.0 |  1069
               +---------+---------+-------+---------+---------+-------+---------
           D:1 |       0 |      28 |   0.0 |       0 |      12 |   0.0 |   910
           D:2 |       0 |       4 |   0.0 |       0 |       2 |   0.0 |   114
               +---------+---------+-------+---------+---------+-------+---------
